AoeStats
← Mewouhhh

Arabian Desert

509462807Analyzed
1v1 RM · 7d ago on Sep 26, 2026· 67m 9s· 2 players
Game mode
Random Map
Map size
Tiny (2 player)
Population
200
Speed
Normal
Resources
Standard
Victory
Conquest
Starting age
Dark Age
Ending age
Imperial Age
RankedLock teamsTeams togetherTeam positionsShared explorationLock speedFull tech treeHidden civsTurbo modeCheats
Victory
Defeat
🇷🇺 Bulgarians · Russia
1145
+18
🇪🇸 Franks · Spain
1181
-18
Katana The Kid
6:15 Loom
9:23 Feudal Age
10:51 Double-Bit Axe
11:50 Horse Collar
22:08 Castle Age
22:38 Fletching
24:02 Elite Skirmisher
24:51 Bodkin Arrow
24:56 Padded Archer Armor
27:23 Thumb Ring
28:46 Leather Archer Armor
28:40 Scale Barding Armor
28:45 Forging
42:32 Chain Barding Armor
43:04 Bow Saw
44:38 Wheelbarrow
46:38 Iron Casting
46:48 Ballistics
51:31 Imperial Age
49:17 Hand Cart
53:31 Chemistry
52:41 Masonry
54:17 Fervor
55:53 Plate Barding Armor
56:02 Bracer
56:34 Heavy Plow
56:25 Gold Mining
56:27 Stone Mining
57:17 Conscription
58:41 Blast Furnace
57:42 Scale Mail Armor
57:43 Stirrups
57:57 Thumb Ring
60:59 Crop Rotation
61:05 Gold Shaft Mining
61:06 Stone Shaft Mining
60:11 Pikeman
60:37 Gambesons
62:06 Squires
62:21 Halberdier
63:20 Chain Mail Armor
65:07 Architecture
64:33 Murder Holes
Mewouhhh
6:27 Loom
10:11 Feudal Age
10:48 Double-Bit Axe
18:14 Fletching
20:04 Padded Archer Armor
25:29 Castle Age
25:26 Stone Mining
25:28 Gold Mining
26:09 Bodkin Arrow
26:29 Leather Archer Armor
27:32 Husbandry
27:13 Light Cavalry
28:54 Leather Archer Armor
28:12 Ordonnance Companies
29:04 Bow Saw
30:16 Ballistics
31:20 Wheelbarrow
31:28 Wheelbarrow
30:24 Light Cavalry
32:15 Scale Barding Armor
42:27 Chain Barding Armor
49:56 Imperial Age
49:06 Forging
51:49 Plate Barding Armor
53:45 Iron Casting
55:00 Cavalier
56:42 Gold Shaft Mining
56:44 Paladin
58:43 Murder Holes
60:31 Blast Furnace
62:27 Conscription
63:19 Chemistry
Connection lost

Rejoining the realm…

Still unreachable

The connection could not be restored.

Session expired

The server has moved on; the page needs a fresh start.